 Dungeon Crawl Stone Soup version 0.31-a0-1612-g4aaf141004 (webtiles) character file.

Game seed: 13243599195941311164

41716 MisterAzrael the Cleaver (level 14, -3/190 HPs)
             Began as a Hill Orc Fighter on Jan 10, 2024.
             Was the Champion of Okawaru.
             Slain by a black mamba (8 damage)
             ... on level 4 of the Lair of Beasts.
             The game lasted 00:37:57 (20328 turns).

MisterAzrael the Cleaver (Hill Orc Fighter)        Turns: 20328, Time: 00:37:57

Health: -3/190     AC: 27    Str: 24    XL:     14   Next: 16%
Magic:  22/22      EV:  2    Int:  8    God:    Okawaru [******]
Gold:   328        SH:  0    Dex: 10    Spells: 13/13 levels left

rFire   . . .        S - +6 war axe (heavy)
rCold   . . .        c - +0 buckler
rNeg    . . .        T - melded +4 crystal plate armour of Too Many Cooks {Str+5}
rPois   +            w - melded +2 helmet
rElec   .            (cloak currently unavailable)
rCorr   .            (gloves currently unavailable)
SInv    +            (boots currently unavailable)
Will    +++..        F - amulet of regeneration
Stlth   +            n - ring of see invisible
HPRegen 1.31/turn    Y - ring of willpower
MPRegen 0.18/turn

%: clarity
@: confused, tree-form, ambrosia-drunk
A: stationary, stasis, torment immunity, boosted hp, clarity, strong-willed 1
a: Renounce Religion, Heroism, Finesse, Duel


You were on level 4 of the Lair of Beasts.
You worshipped Okawaru.
Okawaru was exalted by your worship.
You were a tree.
You visited 2 branches of the dungeon, and saw 17 of its levels.

You collected 1067 gold pieces.
You spent 739 gold pieces at shops.

Inventory:

Hand Weapons
 d - the +8 morningstar of the Evil Eye {freeze, rF- rC+++ Will- Dex+7}
   (You bought it in a shop on level 13 of the Dungeon)

   Dex+7:     It affects your dexterity (+7).
   rF-:       It makes you vulnerable to fire.
   rC+++:     It renders you almost immune to cold.
   Will-:     It decreases your willpower.
 o - the +7 arbalest of the Endless Expanse {drain, Dex+6}
   (You found it on level 11 of the Dungeon)

   Dex+6:     It affects your dexterity (+6).
 S - a +6 heavy war axe (weapon)
Missiles
 u - an atropa-tipped dart
 B - 12 boomerangs
 C - 47 poisoned darts
 D - 5 curare-tipped darts
 I - 5 datura-tipped darts
 K - 10 javelins
 R - 6 silver javelins
 U - 2 throwing nets
 Z - 4 darts of dispersal
Armour
 c - a +0 buckler (worn)
 w - a +2 helmet (melded)
 T - the +4 crystal plate armour of Too Many Cooks (melded) {Str+5}
   (Okawaru gifted it to you on level 10 of the Dungeon)

   Str+5:     It affects your strength (+5).
Jewellery
 h - a +6 ring of dexterity
 n - a ring of see invisible (left branch)
 v - an amulet of guardian spirit
 F - an amulet of regeneration (around neck)
 L - a ring of wizardry
 V - a +5 ring of evasion
 X - a ring of poison resistance
 Y - a ring of willpower (right branch)
Talismans
 l - a talisman of death
Wands
 i - a wand of flame (40) (quivered)
 y - a wand of polymorph (4)
 G - a wand of acid (4)
 W - a wand of mindburst (9)
Scrolls
 e - 9 scrolls of teleportation
 f - 5 scrolls of identify
 g - 5 scrolls of noise
 m - a scroll of enchant armour
 p - 3 scrolls of vulnerability
 x - a scroll of immolation
 J - 2 scrolls of amnesia
 O - 2 scrolls of fog
Potions
 a - a potion of might
 b - 3 potions of degeneration
 j - a potion of brilliance
 k - a potion of attraction {unknown}
 r - a potion of cancellation
 s - 3 potions of curing
 t - 3 potions of lignification
 z - a potion of invisibility {unknown}
 A - 4 potions of mutation
 E - 4 potions of enlightenment
 Q - a potion of magic
Miscellaneous
 q - a box of beasts


   Skills:
 + Level 12.5 Fighting
 + Level 13.1(13.2) Axes
 - Level 1.1(7.1) Maces & Flails
 * Level 10.1 Throwing
 + Level 11.2 Armour
 - Level 9.0 Shields
 - Level 11.1 Invocations
 + Level 7.4 Evocations


You had 13 spell levels left.
You didn't know any spells.
Your spell library contained the following spells:

 Spells                   Type           Power      Damage    Failure   Level
 Necrotise                Necr           0%         1d4       45%         1
 Shock                    Conj/Air       0%         1d3       45%         1
 Blink                    Tloc           0%         N/A       58%         2
 Cigotuvi's Dreadful Rot  Necr/Alch/Air  0%         N/A       58%         2
 Ensorcelled Hibernation  Hex/Ice        0%         N/A       58%         2
 Lesser Beckoning         Tloc           0%         N/A       58%         2
 Mercury Vapours          Alch/Air       0%         N/A       58%         2
 Momentum Strike          Conj/Tloc      0%         3d8       58%         2
 Sublimation of Blood     Necr           0%         N/A       58%         2
 Dazzling Flash           Conj/Hex       0%         N/A       83%         3
 Mephitic Cloud           Conj/Alch/Air  0%         N/A       83%         3
 Passwall                 Erth           0%         N/A       83%         3
 Sigil of Binding         Hex            0%         N/A       83%         3
 Swiftness                Air            0%         N/A       83%         3
 Vampiric Draining        Necr           0%         2d6       83%         3
 Volatile Blastmotes      Fire/Tloc      0%         2d10      83%         3
 Airstrike                Air            0%         2d(0-16)  99%         4
 Brom's Barrelling Bould  Conj/Erth      0%         2d3       99%         4
 Dimensional Bullseye     Hex/Tloc       0%         N/A       99%         4
 Ignite Poison            Fire/Alch      0%         N/A       99%         4
 Olgreb's Toxic Radiance  Alch           0%         N/A       99%         4
 Passage of Golubria      Tloc           0%         N/A       99%         4
 Petrify                  Alch/Erth      0%         N/A       99%         4
 Curse of Agony           Necr           0%         N/A       100%        5
 Fireball                 Conj/Fire      0%         3d3       100%        5
 Freezing Cloud           Conj/Ice/Air   0%         6-21      100%        5
 Irradiate                Conj/Alch      0%         3d11      100%        5
 Iskenderun's Battlesphe  Conj           0%         2d6       100%        5
 Silence                  Hex/Air        0%         N/A       100%        5
 Conjure Ball Lightning   Conj/Air       0%         3x3d6     100%        6
 Starburst                Conj/Fire      0%         6d3       100%        6
 Orb of Destruction       Conj           0%         9d5       100%        7
 Ozocubu's Refrigeration  Ice            0%         4d7       100%        7
 Discord                  Hex            0%         N/A       100%        8
 Lehudib's Crystal Spear  Conj/Erth      0%         10d2      100%        8
 Maxwell's Capacitive Co  Air            0%         ∞         100%        8
 Call Canine Familiar     Summ           Unusable   N/A       N/A         3
 Martyr's Knell           Necr/Summ      Unusable   N/A       N/A         4

Dungeon Overview and Level Annotations

Branches:
Dungeon (13/15)            Temple (0/1) D:6            Lair (4/5) D:10
  Swamp (0/4) Lair:2       Spider (0/4) Lair:3        Slime (0/5) Lair:4
    Orc (0/2) D:11         Vaults (0/5) D:13

Altars:
Cheibriados
Hepliaklqana
Kikubaaqudgha
Okawaru
Qazlal
Ru
Trog
Xom

Shops:
D:5 (   D:13 *(:??


Innate Abilities, Weirdness & Mutations

You are a tree.
Your roots penetrate the ground, keeping you stationary.
You cannot be teleported.
You are immune to unholy pain and torment.
Your maximum health is greatly increased.
Your equipment is partially melded.
You possess an exceptional clarity of mind.
You are strong-willed. (Will+)


Message History

The bullfrog hits you but does no damage.
The black mamba bites you but does no damage. x2
The sky beast flickers out of sight for a moment.
The sky beast hits you but does no damage.
The bullfrog hits you but does no damage.
The black mamba bites you but does no damage. x2
You cannot move. (Use ctrl+direction or * direction to attack while stationary and confused.)
You cannot move. (Use ctrl+direction or * direction to attack while stationary and confused.)
You cannot move. (Use ctrl+direction or * direction to attack while stationary and confused.)
You attack the rock wall.
The black mamba bites you but does no damage.
The bullfrog completely misses you. The black mamba bites you.
* * * LOW HITPOINT WARNING * * *
The sky beast hits you but does no damage.
The black mamba bites you!
* * * LOW HITPOINT WARNING * * *
The black mamba bites you but does no damage.
The bullfrog hits you but does no damage.
The sky beast hits you but does no damage.
You slice the black mamba!!
The black mamba is heavily wounded.
You completely miss the black mamba. You slice the bullfrog!!
You kill the bullfrog!
Okawaru accepts your kill.
You barely miss the sky beast. The black mamba bites you.
* * * LOW HITPOINT WARNING * * *
The black mamba bites you.
* * * LOW HITPOINT WARNING * * *
The black mamba bites you but does no damage. x2
The sky beast completely misses you.
You closely miss the sky beast.
The sky beast is moderately wounded.
You slice the black mamba!! You closely miss the black mamba.
The black mamba bites you but does no damage.
The black mamba barely misses you. The black mamba bites you!
* * * LOW HITPOINT WARNING * * *
The black mamba bites you.
* * * LOW HITPOINT WARNING * * *
The black mamba bites you!
You die...

.. #.# ##.. ##
#..####P###.. #
#...........
.PP###...........
......Y..........
#..##lS.........
#♣S.........
#...........
#...........
#.####.#.##. ..#
#### ...# #...
##.#


You could see a komodo dragon, 2 black mambas and a sky beast (invisible).

Vanquished Creatures
  4 vault guards (D:13)
  3 hydras
  A boulder beetle (D:13)
  2 two-headed ogres
  A death yak (D:10)
  A fire crab (Lair:3)
  An orb spider (Lair:3)
  2 bog bodies (Lair:2)
  An orc knight (D:13)
  2 orc sorcerers (D:13)
  A manticore (D:12)
  5 elephants (Lair:3)
  A black mamba (Lair:2)
  Joseph (Lair:1)
  2 gargoyles (D:11)
  2 unseen horrors
  7 cane toads
  A yaktaur (D:13)
  A kobold demonologist (D:12)
  A tengu conjurer (D:13)
  8 komodo dragons
  A rime drake (Lair:2)
  5 polar bears
  An efreet (D:13)
  2 trolls (D:10)
  A glass eye (D:11)
  3 hornets
  8 blink frogs
  Sigmund (D:2)
  3 shadows
  43 yaks
  A vampire (D:9)
  7 wyverns
  4 humans (D:13)
  2 wargs (D:11)
  4 basilisks
  2 wraiths (D:13)
  2 steam dragons
  11 vampire mosquitoes (D:13)
  19 water moccasins
  3 black bears
  7 orc warriors
  A sky beast (D:6)
  3 ice beasts
  3 ogres
  4 centaurs
  4 wolves
  5 kobold brigands
  11 bullfrogs
  3 scorpions
  8 wights
  7 killer bees
  An electric eel (Lair:2)
  5 howler monkeys
  A bombardier beetle (D:7)
  8 hounds
  4 jellies
  A gnoll bouda (D:6)
  6 iguanas
  7 orc priests
  Crazy Yiuf (D:5)
  A sleepcap (D:4)
  16 orc wizards
  2 centaur simulacra (D:10)
  7 gnolls
  7 adders
  A river rat (D:5)
  2 shadow imps
  6 white imps
  3 dart slugs
  4 ribbon worms
  47 orcs
  8 bats
  4 endoplasms
  4 giant cockroaches
  2 goblins
  7 hobgoblins
  8 jackals
  27 kobolds
  4 quokkas
  10 ball pythons
  A frilled lizard (D:1)
  7 rats
439 creatures vanquished.

Vanquished Creatures (others)
  A shadow (D:11)
  An orc wizard (D:11)
  An adder (Lair:2)
  A ball python (D:11)
4 creatures vanquished.

Grand Total: 443 creatures vanquished

Notes
Turn   | Place    | Note
-------+----------+-------------------------------------------
     0 | D:1      | MisterAzrael the Hill Orc Fighter began the quest for the
                  | Orb.
     0 | D:1      | Reached XP level 1. HP: 19/19 MP: 1/1
   194 | D:1      | Reached XP level 2. HP: 27/27 MP: 2/2
   220 | D:1      | Reached skill level 3 in Axes
   724 | D:2      | Reached XP level 3. HP: 32/33 MP: 3/3
   919 | D:2      | Found a faded altar of an unknown god.
   940 | D:2      | Reached XP level 4. HP: 40/40 MP: 4/4
   945 | D:2      | Prayed at the altar of an unknown god.
   945 | D:2      | Became a worshipper of Warmaster Okawaru
   945 | D:2      | Reached * piety under Okawaru
  1111 | D:2      | Noticed Sigmund
  1121 | D:2      | Killed Sigmund
  1121 | D:2      | Reached ** piety under Okawaru
  1122 | D:2      | Reached skill level 4 in Axes
  1122 | D:2      | Reached XP level 5. HP: 27/47 MP: 4/7
  1122 | D:2      | Reached XP level 6. HP: 32/55 MP: 4/8
  2274 | D:4      | Reached skill level 5 in Fighting
  2879 | D:4      | Found Ydao's Antique Armour Emporium.
  3148 | D:5      | Entered Level 5 of the Dungeon
  3438 | D:5      | Found Basiz's Weapon Shop.
  3457 | D:5      | Reached XP level 7. HP: 54/61 MP: 10/10
  3520 | D:5      | Reached skill level 5 in Axes
  3697 | D:5      | Reached skill level 5 in Invocations
  3733 | D:5      | Reached skill level 5 in Shields
  4240 | D:5      | Found a runed translucent door.
  4241 | D:5      | Noticed Crazy Yiuf
  4289 | D:5      | Reached skill level 5 in Armour
  4457 | D:5      | Reached XP level 8. HP: 70/70 MP: 12/12
  4519 | D:5      | Killed Crazy Yiuf
  4519 | D:5      | Reached *** piety under Okawaru
  4804 | D:6      | Found a shimmering altar of Xom.
  4806 | D:6      | Found a stormy altar of Qazlal.
  4832 | D:6      | Noticed a hornet
  4841 | D:6      | Killed a hornet
  4842 | D:6      | Reached skill level 6 in Axes
  4945 | D:6      | Found a staircase to the Ecumenical Temple.
  5803 | D:6      | Reached XP level 9. HP: 50/78 MP: 14/14
  6125 | D:6      | Reached skill level 7 in Axes
  6172 | D:6      | Noticed a hornet
  6191 | D:6      | Killed a hornet
  6202 | D:6      | Reached **** piety under Okawaru
  7681 | D:6      | Reached skill level 10 in Invocations
  7681 | D:6      | Reached XP level 10. HP: 57/88 MP: 17/17
  7977 | D:7      | Reached skill level 8 in Axes
  9264 | D:9      | Reached ***** piety under Okawaru
  9542 | D:9      | Found a hazy altar of Hepliaklqana.
  9855 | D:9      | Reached skill level 1 in Throwing
 10691 | D:9      | Reached skill level 9 in Axes
 11157 | D:10     | Entered Level 10 of the Dungeon
 11404 | D:10     | Found a bloodstained altar of Trog.
 11405 | D:10     | Found a snail-covered altar of Cheibriados.
 11450 | D:10     | Found an ancient bone altar of Kikubaaqudgha.
 11574 | D:10     | HP: 4/90 [centaur warrior simulacrum (28)]
 11858 | D:10     | Identified the +7 ring mail of the Great Game {Will+ MP-9
                  | Int+2}
 11949 | D:10     | Reached skill level 1 in Evocations
 12204 | D:10     | Reached XP level 11. HP: 91/97 MP: 10/19
 12462 | D:10     | Identified the +1 robe of Nuytt {rElec rPois rF+}
 12768 | D:10     | Found a staircase to the Lair.
 12779 | D:10     | Reached ****** piety under Okawaru
 12780 | D:10     | Acquired a +1 war axe of freezing
 12780 | D:10     | Received a gift from Okawaru
 12783 | D:10     | Acquired the +4 crystal plate armour of Too Many Cooks
                  | {Str+5}
 12783 | D:10     | Received a gift from Okawaru
 13246 | D:10     | Noticed a death yak
 13287 | D:10     | Killed a death yak
 13288 | D:10     | Reached skill level 10 in Axes
 13756 | D:11     | Received a gift from Okawaru
 13791 | D:11     | Noticed a two-headed ogre
 14002 | D:11     | Reached skill level 5 in Throwing
 14038 | D:11     | Found a staircase to the Orcish Mines.
 14136 | D:11     | Found a sacrificial altar of Ru.
 14143 | Arena    | Entered the Arena
 14150 | Arena    | Killed a two-headed ogre
 14165 | D:11     | Identified the +7 arbalest of the Endless Expanse {drain,
                  | Dex+6}
 14262 | D:11     | Noticed a manticore
 14263 | D:11     | a manticore changed into a glass eye
 14276 | D:11     | Reached skill level 10 in Fighting
 14505 | D:12     | Noticed a manticore
 14514 | D:12     | Killed a manticore
 14515 | D:12     | Reached XP level 12. HP: 93/106 MP: 20/20
 14597 | D:12     | Received a gift from Okawaru
 14780 | D:12     | Noticed a two-headed ogre
 14785 | D:12     | Killed a two-headed ogre
 15044 | D:13     | Found Rakot's Antique Weapon Shop.
 15055 | D:13     | Bought a crystal morningstar for 324 gold pieces
 15055 | D:13     | Identified the +8 morningstar of the Evil Eye {freeze, rF-
                  | rC+++ Will- Dex+7} (You bought it in a shop on level 13 of
                  | the Dungeon)
 15073 | D:13     | Found Plog's Assorted Antiques.
 15078 | D:13     | Bought a wand of polymorph (5) for 196 gold pieces
 15092 | D:13     | Noticed a boulder beetle
 15117 | D:13     | Killed a boulder beetle
 15158 | D:13     | Reached skill level 1 in Maces & Flails
 15198 | D:13     | Found Utamazxo's Magic Scroll Shop.
 15206 | D:13     | Bought a scroll of brand weapon for 114 gold pieces
 15315 | D:13     | Received a gift from Okawaru
 15359 | D:13     | Reached skill level 11 in Axes
 15435 | D:13     | Noticed a vault guard
 15442 | D:13     | Noticed a vault guard
 15625 | D:13     | Found Milacrut's Magic Scroll Shoppe.
 15629 | D:13     | Bought a scroll of enchant armour for 105 gold pieces
 15717 | D:13     | Paralysed by an orc sorcerer for 2 turns
 15755 | D:13     | Reached skill level 5 in Evocations
 15763 | D:13     | Killed a vault guard
 15832 | D:13     | Killed a vault guard
 15832 | D:13     | Received a gift from Okawaru
 15872 | D:13     | Found a gate to the Vaults.
 15872 | D:13     | Noticed a vault guard
 15872 | D:13     | Noticed a vault guard
 15883 | D:13     | Killed a vault guard
 15887 | D:13     | Killed a vault guard
 15888 | D:13     | Reached skill level 10 in Armour
 15983 | D:13     | Found Utrizes's Book Shop.
 16148 | Lair:1   | Entered Level 1 of the Lair of Beasts
 16154 | Lair:1   | Reached XP level 13. HP: 108/116 MP: 21/21
 16327 | Lair:1   | Noticed Joseph
 16331 | Lair:1   | Killed Joseph
 16613 | Lair:1   | Received a gift from Okawaru
 16614 | Lair:1   | Reached skill level 12 in Axes
 17833 | Lair:2   | Gained mutation: You possess an exceptional clarity of
                  | mind. [potion of mutation]
 17833 | Lair:2   | Gained mutation: You are strong-willed. (Will+) [potion of
                  | mutation]
 17904 | Lair:2   | Received a gift from Okawaru
 18588 | Lair:2   | Found a staircase to the Swamp.
 19245 | Lair:3   | Received a gift from Okawaru
 19249 | Lair:3   | Reached XP level 14. HP: 126/126 MP: 17/22
 19265 | Lair:3   | Reached skill level 13 in Axes
 19268 | Lair:3   | Reached skill level 10 in Throwing
 19443 | Lair:3   | Found a hole to the Spider Nest.
 20309 | Lair:4   | Found a staircase to the Slime Pits.
 20326 | Lair:4   | HP: 7/190 [black mamba (13)]
 20328 | Lair:4   | Slain by a black mamba

Illustrated notes

Levels and vault maps discovered:
D:1:      tarquinn_simple_flora_water_b, layout_loops_ring, minmay_box_of_dots
D:2:      layout_rooms, hellmonk_ecumenical_altar_run_dry, uniq_sigmund
D:3:      layout_basic
D:4:      layout_gridville, serial_shops, nicolae_shop_just_a_little_nook
D:5:      layout_basic, serial_shops, nicolae_shop_bloodbath_and_beyond,
          portal_sewer_entry_e, palyth_stone_intersect,
          nicolae_twisty_statue_hallways, uniq_crazy_yiuf_cottage
D:6:      cheibrodos_barr_body, layout_gridville,
          mainiacjoe_overflow_catch_the_wave, minmay_temple_entry_slanted
D:7:      layout_rooms
D:8:      layout_basic
D:9:      layout_loops_ring, nicolae_hepliaklqana_hazy_memory
D:10:     lemuel_troll_bridge, layout_basic,
          chequers_temple_overflow_statue_of_worship, minmay_lair_entry_grove,
          serial_ice, serial_ice_g, serial_ice_k, serial_ice_f, serial_ice_n,
          serial_ice_o, serial_ice_d, minmay_misc_feat_tiny,
          kennysheep_generic_room_5
D:11:     layout_rooms, erik_orc_4, nicolae_ru_great_annihilating_truth
D:12:     layout_cave_pools
D:13:     layout_cave_pools, grunt_vaults_entry_fortified, serial_shops, shop,
          nicolae_book_shop_shelving, nicolae_lakefront_shop, shop,
          nicolae_shop_rolled_up
Lair:1:   layout_roguey, infiniplex_staircase_pool, serial_bayou_shore_b,
          grunt_megastairs_1, uniq_joseph
Lair:2:   nzn_winding_woodlands_medium [nzn_winding_woodlands_5x5_closed_star,
          nzn_winding_woodlands_5x15_river_crossing,
          nzn_winding_woodlands_5x5_cross, nzn_winding_woodlands_hourglass,
          nzn_winding_woodlands_center_diamonds,
          nzn_winding_woodlands_5x5_perimeter, nzn_winding_woodlands_5x5_three,
          nzn_winding_woodlands_5x15_eye,
          nzn_winding_woodlands_5x5_checkerboard], layout_cave_pods,
          skrybe_swamp_entry_bodies, serial_bayou_shore_b, lemuel_fruit_tree,
          serial_bayou_shore_a
Lair:3:   layout_loops_ring, nicolae_spider_entry_orb_guardian
Lair:4:   layout_small_grid, slime_entry_1

Skill      XL: |  1  2  3  4  5  6  7  8  9 10 11 12 13 14 |
---------------+-------------------------------------------+-----
Axes           | 3 4 5 6 7 9 10 11 12 13 | 13.1
Fighting       | 4 5 6 7 9 10 11 12 | 12.5
Armour         | 4 5 6 7 9 10 11 | 11.2
Shields        | 4 5 6 7 8 9 |  9.0
Invocations    | 3 4 5 7 10 11 | 11.1
Throwing       | 2 5 7 9 10 | 10.1
Evocations     | 1 3 5 7 |  7.4
Maces & Flails | 1 |  1.1

Action                     |  1- 3 |  4- 6 |  7- 9 | 10-12 | 13-15 || total
---------------------------+-------+-------+-------+-------+-------++-------
  Melee: War axe           |    75 |   143 |   411 |   598 |   251 ||  1478
         Morningstar       |       |       |       |    16 |    25 ||    41
  Throw: Boomerang         |       |       |       |    66 |    17 ||    83
         Javelin           |       |       |       |     2 |       ||     2
         Dart              |       |       |       |     1 |     6 ||     7
 Invoke: Heroism           |       |       |     4 |     3 |       ||     7
         Finesse           |       |       |       |     1 |     1 ||     2
         Duel              |       |       |       |     1 |       ||     1
         Receive Weapon    |       |       |       |     1 |       ||     1
         Receive Armour    |       |       |       |     1 |       ||     1
  Evoke: Wand              |       |       |       |    26 |    13 ||    39
    Use: Scroll            |       |       |    12 |    19 |     4 ||    35
         Potion            |       |       |     5 |     4 |     6 ||    15
 Armour: Scale mail        |    48 |    70 |       |       |       ||   118
         Plate armour      |       |    31 |   493 |   164 |       ||   688
         Ring mail         |       |       |       |   110 |       ||   110
         Crystal plate arm |       |       |       |   392 |   553 ||   945
         Skin              |       |       |       |       |    43 ||    43
  Dodge: Dodged            |    35 |    76 |   164 |   290 |   108 ||   673
  Block: Buckler           |    23 |    27 |   126 |   370 |   126 ||   672
         Reflection        |       |       |       |    11 |       ||    11

Table legend: (Time is in decaauts)
 A = Elapsed time spent in this place.
 B = Non-inter-level travel time spent in this place.
 C = Inter-level travel time spent in this place.
 D = Time resting spent in this place.
 E = Time spent auto-exploring this place.
 F = Levels seen in this place.
 G = Mean time per level.
                   A        B        C        D        E       F      G
               +--------+--------+--------+--------+--------+-----+--------+
         Total |  20629 |  19722 |    907 |   5814 |   9999 |  18 | 1146.1 |
       Dungeon |  16341 |  15476 |    865 |   4454 |   7960 |  13 | 1257.0 |
          Lair |   4273 |   4231 |     42 |   1359 |   2038 |   4 | 1068.2 |
         Arena |     14 |     14 |      0 |      0 |      0 |   1 |   14.0 |
               +--------+--------+--------+--------+--------+-----+--------+

Top non-repeatable levels by time:
    D:10: 2734 daAuts
     D:6: 2223 daAuts
     D:7: 1746 daAuts
  Lair:2: 1636 daAuts
     D:9: 1537 daAuts
  Lair:1: 1355 daAuts
     D:5: 1334 daAuts
  Lair:3: 1249 daAuts
     D:4: 1190 daAuts
    D:13: 1087 daAuts
     D:8: 870 daAuts
     D:2: 847 daAuts
     D:3: 803 daAuts
     D:1: 776 daAuts
    D:11: 635 daAuts
